 Dungeon Crawl Stone Soup version 0.23-a0-650-ga4d50d4 (webtiles) character file.

26 Borgoz the Cutter (level 3, 0/24 HPs)
             Began as a Kobold Berserker on Jan 2, 2019.
             Was a Believer of Trog.
             Slain by a leopard gecko (4 damage)
             ... on level 2 of the Dungeon.
             The game lasted 00:02:08 (864 turns).

Borgoz the Cutter (Kobold Berserker)                 Turns: 864, Time: 00:02:08

Health: 0/24       AC:  2    Str: 14    XL:     3   Next: 22%
Magic:  3/3        EV: 15    Int:  8    God:    Trog [**....]
Gold:   86         SH:  0    Dex: 15    Spells: 2/2 levels left

rFire    . . .     SeeInvis .   a - +0 short sword
rCold    . . .     Gourm    .   (shield restricted)
rNeg     . . .     Faith    .   b - +0 animal skin
rPois    .         Spirit   .   (no helmet)
rElec    .         Reflect  .   (no cloak)
rCorr    .         Harm     .   (no gloves)
MR       .....                  (no boots)
Stlth    +.........             (no amulet)
HPRegen  0.08/turn              (no ring)
MPRegen  0.08/turn              (no ring)

@: no status effects
A: small, carnivore
a: Berserk, Trog's Hand, Renounce Religion


You were on level 2 of the Dungeon.
You worshipped Trog.
Trog was pleased with you.
You were not hungry.

You visited 1 branch of the dungeon, and saw 2 of its levels.

You collected 86 gold pieces.

Inventory:

Hand Weapons
 a - a +0 short sword (weapon)
Armour
 b - a +0 animal skin (worn)
Scrolls
 e - a scroll of identify {unknown}
 f - a scroll of teleportation {unknown}
 g - a scroll of random uselessness {unknown}
 i - a scroll of amnesia {unknown}
Potions
 d - 2 potions of experience {unknown}
 h - 2 potions of curing {unknown}
Comestibles
 c - a ration


   Skills:
 + Level 3.9 Fighting
 + Level 4.6 Short Blades
 + Level 1.6 Armour
 + Level 2.7 Dodging


You had 2 spell levels left.
You didn't know any spells.
Your spell library was empty.

Dungeon Overview and Level Annotations

Branches:
Dungeon (2/15)

Altars:


Innate Abilities, Weirdness & Mutations

You are small and have problems with some larger weapons.
You are carnivorous and can eat meat at any time.


Message History

The dart slug is almost dead.
You hit the dart slug.
You kill the dart slug!
Trog accepts your kill.
An ice beast comes into view.
You barely miss the ice beast. The ice beast hits you.
The ice beast freezes you!
Ouch! That really hurt!
* * * LOW HITPOINT WARNING * * *
The ice beast hits you but does no damage.
A leopard gecko comes into view.
The leopard gecko hisses angrily.
The leopard gecko bites you.
* * * LOW HITPOINT WARNING * * *
The leopard gecko closely misses you. The leopard gecko closely misses you.
A dart slug comes into view.
A worm comes into view.
The leopard gecko bites you.
You die...

#.# #.# #.# #.# #.#
#.# #.# #.# ##.##
#.# ##
#...#####Y###...#
#................
#...#####l###.#.#
##.## #@.# #.#
##....# #.# ...##
##.## ....#
##.#.######......
#.###.>..........#
##.#.######...w..###
##...## w.......
##.....######.....#


You could see an ice beast, a worm, a dart slug (wandering) and a leopard gecko.

Vanquished Creatures
  2 dart slugs
  A giant cockroach (D:1)
  5 goblins (D:1)
  3 hobgoblins (D:1)
  3 ball pythons (D:1)
  3 bats (D:1)
  2 frilled lizards (D:1)
  2 kobolds (D:1)
  A rat (D:1)
22 creatures vanquished.

Notes
Turn   | Place    | Note
-------+----------+-------------------------------------------
     0 | D:1      | Borgoz the Kobold Berserker began the quest for the Orb.
     0 | D:1      | Reached XP level 1. HP: 14/14 MP: 1/1
   123 | D:1      | Reached XP level 2. HP: 19/19 MP: 2/2
   498 | D:1      | Reached XP level 3. HP: 24/24 MP: 3/3
   587 | D:1      | Reached ** piety under Trog
   828 | D:2      | Noticed an ice beast
   864 | D:2      | Slain by a leopard gecko

Vault maps used:
D:1:      giann_bridges, chequers_serial_rivers_micro_d
D:2:      chequers_ecumenical_altar_island

Action                   || total
-------------------------++-------
Melee: Short sword       ||    54
 Stab: Sleeping          ||     2
  Eat: Chunk             ||     1
Armor: Animal skin       ||     3
Dodge: Dodged            ||    39

Table legend:
 A = Non-vault XP
 B = Vault XP
 C = Vault XP percentage of total XP
 D = Non-vault monster count
 E = Vault monster count
 F = Vault count percentage of total count
                 A         B        C        D         E       F
            +---------+---------+-------+---------+---------+-------
      Total |      38 |       0 |   0.0 |      22 |       0 |   0.0
            +---------+---------+-------+---------+---------+-------
        D:1 |      34 |       0 |   0.0 |      21 |       0 |   0.0
        D:2 |       4 |       0 |   0.0 |       1 |       0 |   0.0
            +---------+---------+-------+---------+---------+-------
